 Dungeon Crawl Stone Soup version 0.23.1 (webtiles) character file.

Game seed: 13922694206541063766

294 night the Cutter (level 6, -2/42 HPs)
             Began as an Octopode Fighter on Mar 19, 2019.
             Slain by a slave (4 damage)
             ... led by Pikel
             ... on level 4 of the Dungeon.
             The game lasted 00:06:17 (2093 turns).

night the Cutter (Octopode Fighter)                 Turns: 2093, Time: 00:06:18

Health: -2/42      AC:  1    Str: 17    XL:     6   Next: 33%
Magic:  6/6        EV: 12    Int: 15    God:
Gold:   215        SH:  9    Dex: 12    Spells: 5/5 levels left

rFire    . . .     SeeInvis .   k - +2 dagger (elec)
rCold    + . .     Gourm    .   b - +0 shield
rNeg     . . .     Faith    .   (helmet restricted)
rPois    .         Spirit   .   (no amulet)
rElec    .         Reflect  .   q - ring of protection from cold
rCorr    .         Harm     .   (no ring)
MR       .....                  (no ring)
Stlth    +++.......             (no ring)
HPRegen  0.14/turn              (no ring)
MPRegen  0.10/turn              (no ring)
                                (no ring)
                                (no ring)

@: brilliant
A: almost no armour, stealthy swim, amphibious, 8 rings, constrict 8, camouflage
1, gelatinous body 1
a: no special abilities


You were on level 4 of the Dungeon.
You were hungry.

You visited 2 branches of the dungeon, and saw 5 of its levels.

You collected 215 gold pieces.

Inventory:

Hand Weapons
 a - a +0 rapier
 k - a +2 dagger of electrocution (weapon)
Missiles
 f - 32 poisoned needles
 h - 91 stones (quivered)
 m - 41 sling bullets
 s - 21 bolts
Armour
 b - a +0 shield (worn)
Jewellery
 q - a ring of protection from cold (left tentacle)
 x - an uncursed ring of magical power {unknown}
Wands
 u - a wand of random effects (14)
Scrolls
 i - 3 scrolls of teleportation {unknown}
 j - 2 scrolls of remove curse {unknown}
 l - 5 scrolls of identify {unknown}
 n - 4 scrolls of fog {unknown}
 o - a scroll of enchant armour {unknown}
 r - a scroll of enchant weapon {unknown}
 t - 2 scrolls of amnesia {unknown}
Potions
 c - 2 potions of might
 e - a potion of brilliance
 g - a potion of lignification {unknown}
 p - 2 potions of curing {unknown}
 v - a potion of flight {unknown}
 w - 3 potions of berserk rage {unknown}
 z - a potion of agility {unknown}
Comestibles
 d - 7 rations


   Skills:
 - Level 3.0 Fighting
 * Level 4.8 Short Blades
 - Level 3.0 Dodging
 + Level 4.1 Stealth
 + Level 4.2 Shields


You had 5 spell levels left.
You didn't know any spells.
Your spell library was empty.

Dungeon Overview and Level Annotations

Branches:
Dungeon (4/15)             Temple (1/1) D:4

Altars:
Ashenzari
Elyvilon
Fedhas
Gozag
Hepliaklqana
Kikubaaqudgha
Makhleb
Ru
Sif Muna
Trog
Vehumet
Wu Jian
Zin
The Shining One

Annotations:
D:3 Sigmund
D:4 Pikel


Innate Abilities, Weirdness & Mutations

You cannot wear most types of armour.
You are very stealthy in the water. (Stealth+)
You are amphibious.
You can wear up to eight rings at the same time.
You can use your tentacles to constrict eight enemies at once.
Your skin changes colour to match your surroundings (Stealth+).
Your rubbery body absorbs attacks. (AC +1, EV +1)


Message History

The slave is lightly wounded.
The slave hits you but does no damage. The slave barely misses you.
You feel less confused. You block Sigmund's attack. The slave hits you.
There is a stone staircase leading down here.
You climb downwards.
Level annotation: Pikel Pikel says, "I knew I should've brought a map."
You block Pikel's attack. You block the slave's attack.
Pikel hits you with a +2 whip of flaming!
* * * LOW HITPOINT WARNING * * *
Pikel burns you.
* * * LOW HITPOINT WARNING * * *
The slave barely misses you.
There is a stone staircase leading up here.
It was a potion of brilliance.
You feel clever all of a sudden. You block Pikel's attack. The slave hits you.
You die...

#...#.................
#p..'.................
#K..#.................
#...#.................
##'###.................
#..p....#'####+#####'##
#.......#......#......#
#....).K#......#......#
#....p@.#......#......#
#.......###....##...###
###########....###'####
#..............#....#.
#..............#....#.
#..............#....#.
#.....####..####.#####
##########..####.####.
#.....'...............


You could see Pikel and 2 slaves.

Vanquished Creatures
  A hound (D:4)
  2 bullfrog skeletons
  An iguana (D:4)
  Natasha (D:2)
  A worker ant (D:4)
  4 gnolls
  3 adders
  An ooze (D:3)
  4 dart slugs
  2 worms
  A leopard gecko (D:1)
  An orc (D:3)
  6 bats
  3 giant cockroaches
  10 goblins
  A hobgoblin (D:3)
  2 jackals (D:1)
  2 ball pythons
  3 frilled lizards
  4 kobolds
  6 rats
59 creatures vanquished.

Notes
Turn   | Place    | Note
-------+----------+-------------------------------------------
     0 | D:1      | night the Octopode Fighter began the quest for the Orb.
     0 | D:1      | Reached XP level 1. HP: 16/16 MP: 1/1
   197 | D:1      | Reached XP level 2. HP: 15/21 MP: 2/2
   250 | D:1      | Reached skill level 1 in Stealth
   674 | D:1      | Reached XP level 3. HP: 26/26 MP: 3/3
   874 | D:2      | Reached XP level 4. HP: 31/31 MP: 4/4
   937 | D:2      | Noticed Natasha
   954 | D:2      | Killed Natasha
   993 | D:2      | Found a deep blue altar of Sif Muna.
  1125 | D:2      | Reached XP level 5. HP: 36/36 MP: 5/5
  1285 | D:2      | Found a radiant altar of Vehumet.
  1319 | D:2      | You fall through a shaft!
  1577 | D:3      | Noticed Sigmund
  1770 | D:4      | Found a staircase to the Ecumenical Temple.
  1777 | Temple   | Entered the Ecumenical Temple
  1952 | D:4      | Reached XP level 6. HP: 42/42 MP: 6/6
  2041 | D:4      | Noticed a slave
  2041 | D:4      | Noticed a slave
  2046 | D:4      | Noticed Pikel
  2046 | D:4      | Noticed a slave
  2092 | D:4      | HP: 2/42 [Pikel/+2 whip of flaming (3)]
  2093 | D:4      | Slain by a slave

Skill      XL: |  1  2  3  4  5  6 |
---------------+-------------------+-----
Stealth        | 1 2 3 4 |  4.1
Short Blades   | 3 4 |  4.8
Shields        | 4 |  4.2
Fighting       | |  3.0
Dodging        | |  3.0

Action                   |  1- 3 |  4- 6 || total
-------------------------+-------+-------++-------
Melee: Rapier            |     9 |       ||     9
       Constrict         |    11 |    18 ||    29
       Dagger            |    33 |    60 ||    93
       Tentacles         |     6 |    11 ||    17
  Use: Potion            |       |     1 ||     1
 Stab: Sleeping          |     8 |     5 ||    13
  Eat: Chunk             |       |     3 ||     3
Armor: Skin              |     9 |     3 ||    12
Dodge: Dodged            |    13 |    22 ||    35
Block: Shield            |     7 |    23 ||    30
